 Dungeon Crawl Stone Soup version 0.20.1-1-g8b1a95d (webtiles) character file.

284 HaraKiri the Chopper (level 6, -3/47 HPs)
             Began as a Demonspawn Berserker on Dec 10, 2017.
             Was a Believer of Trog.
             Slain by a gnoll
             ... wielding a +0 whip
              (8 damage)
             ... on level 5 of the Dungeon.
             The game lasted 00:17:48 (3560 turns).

HaraKiri the Chopper (Demonspawn Berserker)         Turns: 3560, Time: 00:17:49

Health: -3/47      AC:  3    Str: 20    XL:     6   Next: 7%
Magic:  6/6        EV: 12    Int:  8    God:    Trog [**....]
Gold:   171        SH:  0    Dex: 12    Spells: 5/5 levels left

rFire    . . .     SeeInvis .   a - +0 hand axe
rCold    . . .     Gourm    .   (no shield)
rNeg     . . .     Faith    .   m - +0 leather armour
rPois    .         Spirit   .   (no helmet)
rElec    .         Reflect  .   (no cloak)
rCorr    .         Harm     .   (no gloves)
MR       ++...                  (no boots)
Stlth    +.........             (no amulet)
Regen    1.2/turn               (no ring)
MPRegen  0.1/turn               (no ring)

@: berserk cooldown, regenerating, slowed, very slow
A: powered by death 1
a: Berserk, Trog's Hand, Burn Spellbooks, Renounce Religion


You were on level 5 of the Dungeon.
You worshipped Trog.
Trog was pleased with you.
You were near starving.

You visited 1 branch of the dungeon, and saw 5 of its levels.

You collected 171 gold pieces.

Inventory:

Hand Weapons
 a - a +0 hand axe (weapon)
 w - a +0 war axe
 y - a +0 war axe
 z - a +0 hand crossbow
Armour
 b - a +0 animal skin
 g - a +0 ring mail
 m - a +0 leather armour (worn)
 o - a +0 robe of magic resistance
 u - a +0 scale mail
Jewellery
 h - a +2 ring of dexterity {unknown}
 i - a +4 amulet of reflection {unknown}
 n - an uncursed amulet of regeneration {unknown}
 r - an uncursed ring of protection from magic {unknown}
 t - a cursed ring of teleportation {unknown}
 x - a +2 ring of strength {unknown}
Scrolls
 e - 3 scrolls of identify {unknown}
 k - a scroll of fear {unknown}
 l - a scroll of amnesia {unknown}
 p - 2 scrolls of remove curse {unknown}
 q - a scroll of teleportation {unknown}
Potions
 s - a potion of brilliance
Comestibles
 c - 3 bread rations
 f - a fruit
 j - 2 meat rations
 v - a royal jelly


   Skills:
 - Level 3.0 Fighting
 * Level 5.3 Axes
 + Level 3.6 Armour
 - Level 1.7 Dodging


You had 5 spell levels left.
You didn't know any spells.

Dungeon Overview and Level Annotations

Branches:
Dungeon (5/15)             Temple (0/1) D:4

Altars:
Fedhas
Uskayaw

Shops:
D:4 *

Annotations:
D:3 TBC, Sigmund


Innate Abilities, Weirdness & Mutations

You regenerate a little health from kills.


Message History

Okay, then.
You completely miss the gnoll.
The gnoll is severely wounded.
The gnoll hits you from afar with a spear.
The gnoll closely misses you.
You closely miss the gnoll.
The gnoll is severely wounded.
The phantom blinks!
The gnoll closely misses you. The gnoll hits you with a whip!
* * * LOW HITPOINT WARNING * * *
The gnoll hits you from afar with a spear.
* * * LOW HITPOINT WARNING * * *
The gnoll barely misses you.
A scorpion comes into view.
You hit the gnoll but do no damage.
The gnoll is severely wounded.
The gnoll hits you from afar with a spear.
* * * LOW HITPOINT WARNING * * *
The gnoll hits you with a whip!
You die...

.ยง..... ##.
....... ...
....... #.#
.......###.#
(....W.(.s#####
#.....).....#
#..###g####.#
.....# #g# .
#.# #@# # #.#
#.#
####.##.###.#
............#
######.#####
#.# #.######..
#######
#.........
...<..##
#.########


You could see a scorpion and 2 gnolls.

Vanquished Creatures
  An ogre (D:4)
  An orc wizard (D:3)
  Jessica (D:2)
  2 gnolls (D:5)
  5 adders
  An ooze (D:2)
  2 worms
  A dart slug (D:1)
  A leopard gecko (D:4)
  12 orcs
  A giant cockroach (D:2)
  3 goblins
  6 hobgoblins
  4 jackals (D:1)
  A kobold (D:2)
  A ball python (D:1)
  8 bats
  6 frilled lizards
  8 rats
  A toadstool (D:1)
66 creatures vanquished.

Vanquished Creatures (others)
  A hobgoblin (D:1)
  3 toadstools (D:1)
4 creatures vanquished.

Grand Total: 70 creatures vanquished

Notes
Turn   | Place    | Note
-------+----------+-------------------------------------------
     0 | D:1      | HaraKiri the Demonspawn Berserker began the quest for the Orb.
     0 | D:1      | Reached XP level 1. HP: 18/18 MP: 1/1
   302 | D:1      | Gained mutation: You regenerate a little health from kills. [demonic ancestry]
   302 | D:1      | Reached XP level 2. HP: 20/24 MP: 2/2
   379 | D:1      | Reached skill level 3 in Axes
  1118 | D:2      | Noticed Jessica
  1127 | D:2      | Killed Jessica
  1127 | D:2      | Reached XP level 3. HP: 29/29 MP: 3/3
  1574 | D:2      | Reached XP level 4. HP: 12/35 MP: 4/4
  2050 | D:2      | Reached skill level 4 in Axes
  2088 | D:2      | Reached ** piety under Trog
  2251 | D:3      | Found a blossoming altar of Fedhas.
  2255 | D:3      | Found a hide-covered altar of Uskayaw.
  2359 | D:3      | Reached XP level 5. HP: 41/41 MP: 5/5
  2823 | D:3      | Noticed Sigmund
  2905 | D:4      | Found a staircase to the Ecumenical Temple.
  2911 | D:4      | Noticed an ogre
  2927 | D:4      | Killed an ogre
  2927 | D:4      | Reached skill level 5 in Axes
  3336 | D:4      | Found Ehocosch's Elemental Accessories.
  3505 | D:5      | Entered Level 5 of the Dungeon
  3523 | D:5      | Noticed a phantom
  3542 | D:5      | Reached XP level 6. HP: 47/47 MP: 6/6
  3560 | D:5      | Slain by a gnoll

Skill      XL: |  1  2  3  4  5 |
---------------+----------------+-----
Armour         | 2 3 |  3.6
Axes           | 3 4 5 |  5.3
Fighting       | |  3.0
Dodging        | |  1.7

Action                   |  1- 3 |  4- 6 || total
-------------------------+-------+-------++-------
Melee: Hand axe          |   102 |   137 ||   239
Invok: Berserk           |     4 |     6 ||    10
       Trog's Hand       |       |     1 ||     1
  Use: Potion            |       |     3 ||     3
 Stab: Distracted        |       |     1 ||     1
  Eat: Chunk             |     5 |     7 ||    12
       Bread ration      |       |     1 ||     1
Armor: Animal skin       |     5 |       ||     5
       Leather armour    |     7 |     3 ||    10
       Ring mail         |     5 |       ||     5
       Robe              |     4 |    14 ||    18
Dodge: Dodged            |    62 |    93 ||   155
